Map: Ley Lines

Players

Etherodox

  • Race: Terran Terran
  • League: Master
  • Spawn Location: 7:00

panorama - Winner!

  • Race: Protoss Protoss
  • League: Platinum
  • Spawn Location: 1:00

VOD

Have the link to the VOD?

Description

Time

  • Played on: Sept. 6, 2025, 3:24 p.m.
  • Length: 14:50
Show
View Real Time Build Order
Export as new Build Order

Etherodox Terran 

Build Orders:  

Get SALT Encoding   

  12  0:03  SCV  
  13  0:15  SCV  
  13  0:17  Supply Depot  
  14  0:27  SCV  
  15  0:32  Refinery  
  15  0:39  SCV  
  16  0:45  Barracks  
  16  0:51  SCV  
  17  1:04  SCV  
  18  1:16  SCV  
  19  1:28  SCV  
  19  1:32  Reaper  
  21  1:40  Orbital Command  
  21  1:52  Command Center  
  21  2:00  Supply Depot  
  21  2:04  Marine  
  21  2:07  SCV  
  23  2:16  Factory  
  23  2:21  SCV  
  24  2:33  SCV  
  24  2:35  Barracks Tech Lab  
  25  2:45  SCV  
  26  2:58  SCV  
  27  3:10  SCV  
  28  3:22  SCV, Orbital Command  
  28  3:24  Barracks Reactor  
  29  3:28  Refinery  
  29  3:31  Siege Tank  
  32  3:34  SCV  
  32  3:38  Bunker  
  33  3:46  SCV  
  34  3:54  Supply Depot  
  34  3:58  SCV  
  34  3:59  Starport  
  34  4:01  Marine x2  
  37  4:05  SCV  
  38  4:10  SCV, Supply Depot  
  38  4:12  Siege Tank  
  42  4:17  SCV  
  42  4:18  Marine  
  42  4:22  SCV  
  45  4:29  SCV  
  46  4:33  Supply Depot  
  46  4:34  SCV  
  46  4:37  Barracks  
  47  4:42  SCV  
  51  4:46  SCV, Liberator  
  52  4:54  SCV  
  52  4:56  Supply Depot  
  52  4:59  SCV  
  54  5:05  Marine x2  
  54  5:06  SCV  
  54  5:07  Factory Reactor  
  57  5:11  SCV  
  58  5:15  Command Center  
  58  5:16  Refinery  
  58  5:18  SCV, Supply Depot  
  58  5:19  Supply Depot  
  59  5:22  Marine, Engineering Bay  
  59  5:23  SCV  
  61  5:28  Refinery  
  61  5:30  SCV  
  61  5:35  SCV, Starport Reactor  
  63  5:38  Barracks Tech Lab  
  63  5:42  SCV  
  64  5:44  Engineering Bay  
  64  5:46  Barracks  
  64  5:47  SCV  
  65  5:52  Widow Mine x2  
  65  5:54  Marine x2, SCV  
  65  5:56  Stimpack  
  72  5:57  Marauder  
  74  6:07  SCV x2  
  76  6:11  Terran Infantry Armor Level 1, Terran Infantry Weapons Level 1  
  76  6:12  Marine  
  77  6:19  SCV, Marauder  
  77  6:23  SCV  
  81  6:30  Liberator  
  81  6:31  SCV  
  82  6:35  SCV  
  83  6:43  SCV  
  87  6:47  SCV, Siege Tank  
  87  6:48  Barracks Tech Lab, Marauder  
  87  6:52  Marine  
  87  6:53  Marine  
  92  6:59  SCV  
  93  7:09  Marine  
  93  7:10  Marine  
  93  7:11  Planetary Fortress  
  93  7:15  Command Center  
  95  7:21  Barracks, Combat Shield  
  95  7:23  Barracks  
  95  7:34  Refinery  
  95  7:36  Refinery  
  95  7:39  Siege Tank  
  95  7:40  Concussive Shells  
  95  7:42  SCV  
  99  7:46  Marauder  
  99  7:47  Marine x2, Marauder  
  105  7:52  SCV x2  
  105  7:56  SCV  
  108  8:03  Supply Depot  
  108  8:04  SCV, Supply Depot x2  
  109  8:07  Supply Depot  
  109  8:08  Supply Depot  
  109  8:17  Armory  
  109  8:20  Barracks Tech Lab x2  
  109  8:24  Marine x2, Medivac x2  
  109  8:25  SCV, Siege Tank, Marauder  
  109  8:26  Marauder  
  123  8:30  Supply Depot  
  123  8:31  SCV x2  
  123  8:32  Supply Depot  
  125  8:37  SCV  
  125  8:39  Marauder  
  128  8:43  SCV x2  
  128  8:47  Marauder  
  132  8:49  SCV  
  132  8:51  Ghost Academy, Marauder x2  
  132  8:52  Marine x2  
  132  8:54  Refinery  
  139  8:55  SCV x2  
  139  8:58  Refinery  
  139  9:02  SCV  
  142  9:07  Hellion, Terran Infantry Armor Level 2, Marauder  
  142  9:08  SCV x2, Marauder  
  142  9:09  Terran Infantry Weapons Level 2  
  150  9:14  SCV  
  150  9:15  Marauder x2  
  150  9:16  Marine x2  
  157  9:20  SCV, Supply Depot  
  157  9:21  Terran Vehicle Weapons Level 1  
  157  9:22  Personal Cloaking, Supply Depot  
  157  9:23  Supply Depot x2  
  158  9:26  Supply Depot  
  158  9:28  Marauder  
  158  9:29  Ghost  
  163  9:33  Planetary Fortress  
  165  9:41  Ghost  
  166  10:01  Ghost, Marauder  
  166  10:04  Siege Tank  
  110  10:36  Marine x2, Marauder x4  
  110  10:51  Siege Tank  
  110  10:56  Ghost, Medivac x2  
  117  10:57  Marauder x3  
  126  11:07  Marine x2  
  128  11:18  Ghost x2  
  131  11:19  Marauder  
  131  11:20  Command Center  
  131  11:22  Factory  
  131  11:23  Siege Tank  
  131  11:24  Marine x2, Barracks  
  141  11:26  Barracks, Refinery  
  141  11:27  Barracks x2, Marauder  
  141  11:29  Barracks, Refinery, Terran Infantry Weapons Level 3  
  141  11:31  Terran Infantry Armor Level 3  
  143  11:34  Starport  
  143  11:39  Ghost  
  143  11:42  Marine x2  
  143  11:46  Ghost, Medivac x2  
  154  11:47  Marauder  
  157  11:56  Marauder  
  157  12:00  Marine x2  
  161  12:07  Ghost  
  164  12:09  Marauder  
  164  12:15  Marine, Barracks Reactor  
  166  12:16  Barracks Reactor x2  
  166  12:20  Barracks Reactor  
  167  12:23  Starport Tech Lab  
  167  12:28  Marauder  
  167  12:29  Marine x2, Ghost  
  171  12:33  Marauder  
  171  12:36  Marine  
  177  12:45  Planetary Fortress  
  177  12:46  Marine  
  177  12:47  Marine  
  177  12:49  Marine  
  180  12:55  Marauder  
  180  12:56  Marine x2  
  180  12:57  Marine, Missile Turret  
  180  12:58  Marine x5  
  193  13:02  Medivac x2  
  193  13:04  Marine  
  200  13:11  Siege Tank  
  113  13:49  Marine x10, Marauder x3  
  113  13:50  Marauder  
  113  13:53  Medivac  
  113  13:55  Siege Tank  
  105  13:56  Medivac x2  
  103  14:07  Marine x9  
  110  14:10  Marine x4  
  110  14:14  Command Center  
  113  14:18  Refinery  
  113  14:19  Refinery  
  114  14:25  Marine x5  
  114  14:28  Marine x4  
Show
View Real Time Build Order
Export as new Build Order

panorama Protoss - Winner!

Build Orders: 1 Gate Expand 

Get SALT Encoding   

  12  0:00  Probe  
  13  0:12  Probe  
  14  0:19  Pylon  
  14  0:24  Probe  
  15  0:35  Probe  
  15  0:39  Gateway  
  16  0:43  Probe  
  17  0:51  Probe  
  17  0:53  Assimilator  
  18  1:03  Probe  
  19  1:22  Nexus  
  19  1:23  Probe  
  20  1:31  Pylon  
  20  1:35  Probe  
  21  1:55  Cybernetics Core  
  21  1:58  Pylon  
  21  2:01  Probe  
  22  2:10  Assimilator  
  22  2:13  Probe  
  23  2:22  Adept  
  23  2:24  Warp Gate  
  25  2:41  Gateway  
  23  2:55  Adept  
  23  3:17  Probe  
  23  3:18  Probe  
  25  3:23  Stalker  
  25  3:29  Probe  
  25  3:30  Probe  
  25  3:31  Stalker, Twilight Council  
  29  3:39  Probe  
  31  3:42  Probe  
  31  3:47  Probe  
  33  3:54  Probe  
  35  3:56  Probe  
  35  4:02  Shield Battery  
  36  4:08  Probe, Blink  
  37  4:11  Pylon  
  37  4:12  Stalker x2  
  41  4:22  Probe  
  41  4:23  Probe  
  43  4:36  Stalker x2  
  48  4:38  Probe x2  
  49  4:46  Assimilator  
  49  4:50  Probe x2  
  51  4:59  Forge  
  51  5:03  Probe x2  
  53  5:08  Stalker x2  
  57  5:15  Probe  
  57  5:16  Probe  
  59  5:22  Assimilator  
  59  5:23  Protoss Ground Weapons Level 1  
  59  5:28  Probe x2  
  61  5:34  Gateway  
  61  5:44  Pylon  
  61  5:49  Pylon  
  61  6:04  Stalker x2  
  61  6:09  Charge  
  61  6:32  Zealot x3  
  67  6:40  Probe x2  
  67  6:43  Nexus  
  67  6:45  Pylon  
  67  6:46  Pylon  
  69  6:53  Robotics Facility  
  69  6:54  Zealot  
  71  6:57  Zealot  
  73  7:12  Photon Cannon  
  73  7:13  Photon Cannon  
  73  7:14  Protoss Ground Armor Level 1  
  73  7:17  Shield Battery  
  73  7:20  Zealot x2  
  77  7:24  Zealot  
  79  7:31  Photon Cannon  
  79  7:44  Zealot  
  79  7:46  Templar Archives  
  81  8:00  Zealot x2  
  85  8:07  Psionic Storm  
  85  8:14  Gateway  
  85  8:16  Probe x2  
  85  8:17  Gateway  
  85  8:18  Probe  
  88  8:28  Probe x2  
  88  8:30  Probe  
  88  8:33  High Templar x2  
  88  8:34  High Templar  
  97  8:40  Probe  
  98  8:46  Probe x2  
  100  8:52  Probe  
  101  8:58  Probe x2  
  103  9:04  Observer, Probe  
  103  9:07  High Templar x2  
  109  9:13  Pylon  
  109  9:16  Pylon  
  109  9:18  Pylon  
  109  9:31  Probe  
  110  9:38  High Templar x3, Photon Cannon  
  110  9:39  High Templar  
  110  9:40  Zealot  
  110  9:45  Archon  
  120  9:46  Archon  
  82  10:37  Archon  
  72  10:49  Archon  
  72  10:52  Zealot x5  
  72  10:56  Immortal  
  86  11:06  Gateway  
  86  11:08  Protoss Ground Weapons Level 2, Gateway x2  
  86  11:14  Zealot x5  
  86  11:17  Nexus  
  96  11:30  Forge  
  96  11:31  Pylon  
  96  11:35  Immortal  
  96  11:39  Stalker x5, Gateway  
  110  11:42  Gateway  
  110  11:43  Gateway  
  110  12:07  High Templar x8  
  126  12:14  Immortal, Gateway  
  130  12:16  Gateway  
  130  12:17  Pylon, Gateway  
  130  12:22  Photon Cannon  
  130  12:23  Photon Cannon  
  130  12:25  Photon Cannon  
  130  12:27  Shield Battery  
  130  12:31  Pylon  
  130  12:45  Probe  
  130  12:47  Probe x3  
  134  12:51  Assimilator  
  134  12:53  Assimilator, Immortal  
  134  12:57  Probe  
  139  12:59  Zealot x9, Probe x3  
  139  13:00  Zealot x2  
  153  13:48  Archon  
  133  13:49  Archon x2  
  133  13:50  Archon  
  133  13:52  Zealot x3  
  133  13:53  Zealot x9  
  133  13:54  Zealot x2  
  125  14:42  Stalker x3  
  125  14:43  Stalker x7  
  125  14:44  Stalker x4  
Tags
 
Add a new tag
Caveats
  • Supply blocks, unpowered buildings, or Contaminate may cause inaccurate times.
  • Supply counts are checked every 10 seconds.